 Dungeon Crawl Stone Soup version 0.28-a0-909-g796cbd3a86 (webtiles) character file.

Game seed: 10831776535848399427

217 croobank the Magician (level 5, -6/34 HPs)
             Began as an Octopode Transmuter on Nov 24, 2021.
             Killed by divine providence
             ... invoked by an orc priest
              (15 damage)
             ... on level 3 of the Dungeon.
             The game lasted 00:18:06 (3150 turns).

croobank the Magician (Octopode Transmuter)         Turns: 3150, Time: 00:18:09

Health: -6/34      AC:  1    Str: 10    XL:     5   Next: 94%
Magic:  6/9        EV: 13    Int: 15    God:
Gold:   143        SH:  0    Dex: 13    Spells: 5/10 levels left

rFire   . . .      SeeInvis .   a - +4 spear (vorpal)
rCold   . . .      Faith    .   (no shield)
rNeg    . . .      Spirit   .   (helmet currently unavailable)
rPois   .          Reflect  .   (no amulet)
rElec   .          Harm     .   (no ring)
rCorr   .          Rampage  .   (no ring)
Will    .....                   (no ring)
Stlth   +++.......              (no ring)
HPRegen 0.11/turn               (no ring)
MPRegen 0.11/turn               (no ring)
                                (no ring)
                                (no ring)

@: appendages, wereblooded
A: tentacle spike 3, almost no armour, amphibious, 8 rings, camouflage 1,
gelatinous body 1, (nimble swimmer 1), tentacles
a: End Transformation


You were on level 3 of the Dungeon.
One of your tentacles had grown a beastly spike.
You visited 1 branch of the dungeon, and saw 4 of its levels.

You collected 143 gold pieces.

Inventory:

Hand Weapons
 a - a +4 vorpal spear (weapon)
 b - a +0 short sword
 d - a +0 dagger of draining
 f - a +2 dagger of venom
 g - a +0 trident
 m - a +0 great sword
 n - a +0 war axe
Missiles
 i - 66 stones
Armour
 c - a +0 kite shield
Scrolls
 e - a scroll of immolation
Potions
 h - a potion of degeneration {unknown}
 j - a potion of curing {unknown}
 k - 2 potions of haste {unknown}
 l - a potion of berserk rage {unknown}
 o - a potion of mutation {unknown}
 p - a potion of attraction {unknown}


   Skills:
 + Level 1.6 Fighting
 * Level 2.6 Polearms
 + Level 2.7 Dodging
 + Level 1.7 Stealth
 - Level 3.0 Unarmed Combat
 + Level 3.1 Spellcasting
 * Level 1.2 Translocations
 + Level 2.9 Transmutations


You had 5 spell levels left.
You knew the following spells:

 Your Spells              Type           Power      Damage    Failure   Level
a - Beastly Appendage     Tmut           22%        N/A       6%          1
b - Wereblood             Tmut           11%        N/A       9%          2
c - Blink                 Tloc           10%        N/A       19%         2

Your spell library contained the following spells:

 Spells                   Type           Power      Damage    Failure   Level
 Ensorcelled Hibernation  Hex/Ice        4%         N/A       30%         2
 Poisonous Vapours        Pois/Air       4%         N/A       30%         2
 Static Discharge         Conj/Air       2%         N/A       30%         2
 Spider Form              Tmut/Pois      6%         N/A       32%         3
 Lesser Beckoning         Tloc           5%         N/A       36%         3
 Teleport Other           Tloc           5%         N/A       36%         3
 Tukima's Dance           Hex            2%         N/A       52%         3
 Ice Form                 Ice/Tmut       6%         N/A       73%         4
 Dispel Undead            Necr           2%         3d7       89%         4
 Sticky Flame             Conj/Fire      2%         2d3       89%         4


Dungeon Overview and Level Annotations

Branches:
Dungeon (4/15)
 Temple: D:4-7

Altars:

Shops:
D:2 =


Innate Abilities, Weirdness & Mutations

One of your tentacles has grown a beastly spike.
You cannot wear most types of armour.
You are amphibious.
You can wear up to eight rings at the same time.
Your skin changes colour to match your surroundings (Stealth+).
Your rubbery body absorbs attacks. (AC +1, EV +1)
((You are camouflaged near water. (Stealth+)))
You have tentacles for arms and can constrict up to eight enemies at once.


Message History

Casting: Beastly Appendage (safe; 6% risk of failure)
Confirm with . or Enter, or press ? or * to list all spells.
One of your tentacles grows a vicious spike.
The goblin hits you with a +0 dagger.
The orc priest calls down the wrath of Beogh upon you.
Beogh smites you!
An adder comes into view.
There is a stone staircase leading down here.
Your transformation is almost over.
The goblin barely misses you.
You climb downwards.
There is a stone staircase leading up here.
You puncture the goblin!
You kill the goblin!
Reach: a) +4 spear (vorpal)
Press: ? - help, Dir - move target, f - goblin
Aim: a goblin, wielding a +0 club (asleep, about 2% to evade your +4 vorpal spear)
You reach to attack!
The helpless goblin fails to defend itself.
You hit the goblin.
You kill the goblin!
Your tentacle spike disappears.
The ogre shouts!
The endoplasm quivers.
You climb upwards.
The orc priest casts a cantrip, but nothing happens.
There is a stone staircase leading down here.
Casting: Beastly Appendage (safe; 6% risk of failure)
Confirm with . or Enter, or press ? or * to list all spells.
One of your tentacles grows a vicious spike.
The orc priest calls down the wrath of Beogh upon you.
Beogh smites you!
* * * LOW HITPOINT WARNING * * *
Casting: Beastly Appendage (safe; 6% risk of failure)
Confirm with . or Enter, or press ? or * to list all spells.
Your blood is infused with primal strength.
The orc misses you.
The orc priest calls down the wrath of Beogh upon you.
Beogh smites you!
You die...

. ........###.###...#.#.##.
S.> #.#......###..........
.o.o##.#..###............##
.o..........#.#######.#...#
##<........#.# #.#....
#..###S...#.## #...†..
#..oo........# ###...#
##.##........### #...#
#......##@.......#####...#
#.....$o...##.##..........
#......###.# .. ..........
#.....## .# ..........
#..... .. .#####...#
....... ### #...# .#####.
#...# #...# ###...#


You could see 2 orc priests, an adder and an orc.

Vanquished Creatures
  A bullfrog (D:3)
  A hound (D:3)
  Robin (D:2)
  2 adders
  4 dart slugs
  3 endoplasms
  3 giant cockroaches
  15 goblins
  14 hobgoblins
  3 jackals (D:2)
  7 kobolds
  3 quokkas (D:1)
  10 ball pythons
  2 bats (D:1)
  6 frilled lizards
  4 rats
79 creatures vanquished.

Notes
Turn   | Place    | Note
-------+----------+-------------------------------------------
     0 | D:1      | croobank the Octopode Transmuter began the quest for the
                  | Orb.
     0 | D:1      | Reached XP level 1. HP: 13/13 MP: 3/3
    51 | D:1      | Reached XP level 2. HP: 18/18 MP: 5/5
    51 | D:1      | You fall into a shaft and drop 1 floor!
   138 | D:2      | Got the Handbook of Cankerous Dislocation
   153 | D:2      | Noticed Robin
   160 | D:2      | Learned a level 2 spell: Wereblood
   189 | D:2      | Reached skill level 1 in Polearms
   197 | D:2      | Killed Robin
   198 | D:2      | Reached XP level 3. HP: 15/22 MP: 4/6
   805 | D:1      | Reached XP level 4. HP: 21/28 MP: 4/7
  1162 | D:1      | Learned a level 2 spell: Blink
  1747 | D:2      | Found Anupuj's One-of-a-Kind Rings.
  2664 | D:3      | Noticed a bullfrog
  2672 | D:3      | Killed a bullfrog
  2673 | D:3      | Reached skill level 1 in Stealth
  2673 | D:3      | Reached skill level 1 in Translocations
  2673 | D:3      | Reached XP level 5. HP: 21/33 MP: 3/9
  2845 | D:3      | Found a faded altar of an unknown god.
  3137 | D:4      | Noticed an ogre
  3150 | D:3      | Killed from afar by an orc priest

Illustrated notes

Levels and vault maps discovered:
D:1:      lemuel_arrival_river_passageway, layout_rooms, minmay_curled_crystal,
          minmay_bisected
D:2:      layout_loops_cross, nicolae_shop_unique_rings, uniq_robin
D:3:      layout_loops_cross, hellmonk_ecumenical_altar_arch_garden
D:4:      layout_rooms, serial_shops, shop, small_statue_intersection

Skill      XL: |  1  2  3  4  5 |
---------------+----------------+-----
Polearms       | 1 2 |  2.6
Stealth        | 1 |  1.7
Translocations | 1 |  1.2
Spellcasting   | 3 |  3.1
Fighting       | |  1.6
Dodging        | |  2.7
Unarmed Combat | |  3.0
Transmutations | |  2.9

Action                   |  1- 3 |  4- 6 || total
-------------------------+-------+-------++-------
Melee: Trident           |    58 |    28 ||    86
       Unarmed           |     3 |       ||     3
       Constrict         |    16 |    14 ||    30
       Tentacles         |     8 |     6 ||    14
       Kick              |     9 |     7 ||    16
       Punch             |     1 |     2 ||     3
       Spear             |       |    58 ||    58
 Cast: Beastly Appendage |    11 |    18 ||    29
       Wereblood         |     2 |     3 ||     5
  Use: Scroll            |       |     1 ||     1
 Stab: Sleeping          |     3 |     6 ||     9
Armor: Skin              |     1 |     8 ||     9
Dodge: Dodged            |    27 |    56 ||    83

Table legend: (Time is in decaauts)
 A = Elapsed time spent in this place.
 B = Non-inter-level travel time spent in this place.
 C = Inter-level travel time spent in this place.
 D = Time resting spent in this place.
 E = Time spent auto-exploring this place.
 F = Levels seen in this place.
 G = Mean time per level.
                   A        B        C        D        E       F      G
               +--------+--------+--------+--------+--------+-----+--------+
         Total |   3170 |   3106 |     64 |    939 |   1364 |   4 |  792.5 |
       Dungeon |   3170 |   3106 |     64 |    939 |   1364 |   4 |  792.5 |
               +--------+--------+--------+--------+--------+-----+--------+

Top non-repeatable levels by time:
     D:2: 1303 daAuts
     D:1: 1214 daAuts
     D:3: 641 daAuts
     D:4: 10 daAuts
